 Dungeon Crawl Stone Soup version 0.28.0-47-ge53b351184 (webtiles) character file.

Game seed: 13401162991508028249

93 Cykl0x the Digger (level 4, -10/24 HPs)
             Began as a Gargoyle Earth Elementalist on May 10, 2022.
             Killed by divine providence
             ... invoked by an orc priest
              (12 damage)
             ... on level 3 of the Dungeon.
             The game lasted 00:03:44 (2322 turns).

Cykl0x the Digger (Gargoyle Earth Elementalist)     Turns: 2322, Time: 00:03:44

Health: -10/24     AC:  7    Str: 11    XL:     4   Next: 61%
Magic:  1/8        EV: 12    Int: 18    God:
Gold:   93         SH:  0    Dex: 10    Spells: 5/9 levels left

rFire   . . .      SeeInvis .   g - +0 quarterstaff
rCold   . . .      Faith    .   (shield currently unavailable)
rNeg    + . .      Spirit   .   b - +0 robe
rPois   ∞          Reflect  .   m - +0 helmet
rElec   +          Harm     .   (no cloak)
rCorr   .          Rampage  .   (no gloves)
Will    .....                   n - +0 pair of boots
Stlth   ++........              (no amulet)
HPRegen 0.08/turn               (no ring)
MPRegen 0.11/turn               (no ring)

@: mighty
A: sickness immunity, AC +3, negative energy resistance 1, electricity
resistance, torment resistance 1, petrification resistance
a: no special abilities


You were on level 3 of the Dungeon.
You visited 1 branch of the dungeon, and saw 3 of its levels.

You collected 93 gold pieces.

Inventory:

Hand Weapons
 a - a +0 club
 f - a +0 mace
 g - a +0 quarterstaff (weapon)
Missiles
 c - 36 stones
Armour
 b - a +0 robe (worn)
 m - a +0 helmet (worn)
 n - a +0 pair of boots (worn)
Scrolls
 h - a scroll of vulnerability
 j - a scroll of blinking
Potions
 d - 2 potions of cancellation
 e - 2 potions of might
 k - a potion of haste
 l - 2 potions of flight


   Skills:
 + Level 0.1 Maces & Flails
 + Level 1.7 Dodging
 - Level 2.1 Stealth
 + Level 3.1 Spellcasting
 * Level 1.2 Conjurations
 - Level 0.7 Transmutations
 + Level 4.8 Earth Magic


You had 5 spell levels left.
You knew the following spells:

 Your Spells              Type           Power      Damage    Failure   Level
a - Sandblast             Erth           40%        2d10      2%          1
b - Stone Arrow           Conj/Erth      26%        3d8       14%         3

Your spell library contained the following spells:

 Spells                   Type           Power      Damage    Failure   Level
 Passwall                 Tmut/Erth      10%        N/A       8%          2
 Freeze                   Ice            8%         1d3       16%         1
 Conjure Flame            Conj/Fire      5%         6-21      36%         3
 Ignite Poison            Fire/Tmut/Pois 3%         N/A       41%         3
 Frozen Ramparts          Ice            4%         1d2       43%         3
 Petrify                  Tmut/Erth      12%        N/A       45%         4
 Hailstorm                Conj/Ice       5%         3d4       77%         4
 Sticky Flame             Conj/Fire      5%         2d3       77%         4


Dungeon Overview and Level Annotations

Branches:
Dungeon (3/15)

Altars:


Innate Abilities, Weirdness & Mutations

You are immune to sickness and miasma.
Your stone body is resilient. (AC +3)
You are immune to poison.
You resist negative energy. (rN+)
You are resistant to electric shocks. (rElec)
You are resistant to unholy torment.
You are immune to petrification.


Message History

The orc is severely wounded.
The orc hits you with a +0 club.
The blast of sand hits the orc.
You kill the orc!
You hit the orc but do no damage. The orc hits you but does no damage.
You completely miss the orc. The orc barely misses you.
The orc hits you with a +0 dagger.
You hit the orc but do no damage. The orc closely misses you.
You hit the orc but do no damage. The orc barely misses you.
You hit the orc.
The orc is moderately wounded.
The orc closely misses you. The orc barely misses you.
There is an open door here.
You closely miss the orc.
The orc is moderately wounded.
The orc hits you but does no damage.
The blast of sand hits the orc but does no damage.
The orc is moderately wounded.
A goblin comes into view. It is wielding a +0 dagger.
The orc hits you but does no damage.
You are too depleted to draw on your mana recklessly!
You are too depleted to draw on your mana recklessly!
The goblin shouts!
You hit the orc.
You kill the orc!
You barely miss the goblin. The goblin closely misses you.
You sock the goblin!
You kill the goblin!
The orc priest invokes the aid of Beogh against you.
Beogh smites you!
Ouch! That really hurt!
* * * LOW HITPOINT WARNING * * *
You are too injured to fight recklessly!
You are too injured to fight recklessly!
Unknown command.
You feel very mighty all of a sudden.
The orc priest invokes the aid of Beogh against you.
Beogh smites you!
Ouch! That really hurt!
You die...

#...# #...# #### ######...#
#.... #........# #....
#........# #..... #......###
#####
#.....#####......#######....
......'.)ro............'....
......#)###@.g...#######....
...g.....##......# #....
......#..##......# #....
.....).o.##......# #....
...#'#.=.######### #.... ..
#.#..## #.... . # #..# #....
#..# #.... #..# #....


You could see an orc priest, a goblin and a rat.

Vanquished Creatures
  2 adders (D:2)
  A dart slug (D:1)
  3 orcs (D:3)
  4 endoplasms
  4 giant cockroaches (D:1)
  7 goblins
  3 hobgoblins
  13 jackals (D:2)
  4 quokkas
  2 ball pythons (D:1)
  8 bats
  4 kobolds (D:1)
  7 rats
62 creatures vanquished.

Notes
Turn   | Place    | Note
-------+----------+-------------------------------------------
     0 | D:1      | Cykl0x the Gargoyle Earth Elementalist began the quest for
                  | the Orb.
     0 | D:1      | Reached XP level 1. HP: 10/10 MP: 3/3
   203 | D:1      | Reached skill level 4 in Earth Magic
   222 | D:1      | Reached XP level 2. HP: 15/15 MP: 1/5
   664 | D:1      | Found a faded altar of an unknown god.
   683 | D:1      | Reached XP level 3. HP: 19/19 MP: 4/6
   687 | D:1      | Learned a level 3 spell: Stone Arrow
  1095 | D:2      | Reached skill level 1 in Conjurations
  1293 | D:2      | Reached XP level 4. HP: 20/24 MP: 1/8
  2322 | D:3      | Killed from afar by an orc priest

Illustrated notes

Levels and vault maps discovered:
D:1:      dpeg_arrival_rooms_with_view, layout_loops_ring,
          hellmonk_ecumenical_altar_crossroads
D:2:      layout_loops_ring
D:3:      layout_basic

Skill      XL: |  1  2  3  4 |
---------------+-------------+-----
Earth Magic    | 4 |  4.8
Conjurations   | 1 |  1.2
Spellcasting   | 3 |  3.1
Maces & Flails | |  0.1
Dodging        | |  1.7
Stealth        | |  2.1
Transmutations | |  0.7

Action                   |  1- 3 |  4- 6 || total
-------------------------+-------+-------++-------
Melee: Mace              |    15 |       ||    15
       Club              |     5 |       ||     5
       Quarterstaff      |     5 |    20 ||    25
 Cast: Sandblast         |    44 |    10 ||    54
       Stone Arrow       |     6 |    11 ||    17
  Use: Scroll            |     2 |     3 ||     5
       Potion            |       |     1 ||     1
Armor: Robe              |    16 |    12 ||    28
Dodge: Dodged            |    33 |    18 ||    51
